 Dungeon Crawl Stone Soup version 0.22-a0-803-gd6d8abe (webtiles) character file.

310 Amnesiac the Digger (level 6, -15/41 HPs)
             Began as a Mummy Earth Elementalist on July 22, 2018.
             Was a Follower of Vehumet.
             Demolished by Prince Ribbit (16 damage)
             ... on level 5 of the Dungeon.
             The game lasted 00:04:28 (3102 turns).

Amnesiac the Digger (Mummy Earth Elementalist)      Turns: 3102, Time: 00:04:29

Health: -15/41     AC:  2    Str: 19    XL:     6   Next: 17%
Magic:  8/13       EV: 12    Int: 16    God:    Vehumet [*.....]
Gold:   157        SH:  0    Dex: 12    Spells: 5/15 levels left

rFire    x . .     SeeInvis .   i - +3 hunting sling (freeze)
rCold    + . .     Gourm    .   (no shield)
rNeg     + + +     Faith    .   c - +0 robe
rPois    ∞         Spirit   .   (no helmet)
rElec    .         Reflect  .   (no cloak)
rCorr    .         Harm     .   (no gloves)
MR       .....                  (no boots)
Stlth    ++........             e - amulet of the acrobat
HPRegen  0.13/turn              k - +5 ring of strength
MPRegen  0.13/turn              h - +2 ring of strength

@: no status effects
A: no food or potions, fire vulnerability, cold resistance 1, negative energy
resistance 3, torment resistance, unbreathing
a: Renounce Religion


You were on level 5 of the Dungeon.
You worshipped Vehumet.
Vehumet was aware of your devotion.
You were not hungry.

You visited 1 branch of the dungeon, and saw 5 of its levels.

You collected 157 gold pieces.

Inventory:

Hand Weapons
 a - a +0 short sword
 i - a +3 hunting sling of freezing (weapon)
Missiles
 b - 188 stones
 g - 28 sling bullets (quivered)
Armour
 c - a +0 robe (worn)
Jewellery
 d - an uncursed ring of teleportation
 e - an amulet of the acrobat (around neck)
 h - a +2 ring of strength (right hand)
 k - a +5 ring of strength (left hand)
Scrolls
 f - 2 scrolls of teleportation {!r}
 j - 3 scrolls of identify {!r}
 l - a scroll of noise {!r}
 m - a scroll of remove curse {!r}


   Skills:
 - Level 1.5 Dodging
 - Level 1.5 Stealth
 + Level 5.0 Spellcasting
 - Level 0.7 Transmutations
 * Level 5.0 Earth Magic


You had 5 spell levels left.
You knew the following spells:

 Your Spells              Type           Power        Failure   Level  Hunger
a - Sandblast             Erth           ###...       1%          1    N/A
b - Passwall              Tmut/Erth      ##......     7%          2    N/A
c - Stone Arrow           Conj/Erth      ##....       16%         3    N/A
e - Petrify               Tmut/Erth      ##......     43%         4    N/A

Your spell library contained the following spells:

 Spells                   Type           Power        Failure   Level  Hunger
 Lee's Rapid Deconstruct  Erth           ###.......   47%         5    N/A

Dungeon Overview and Level Annotations

Branches:
Dungeon (5/15)
 Temple: D:4-7

Altars:
Ashenzari
Cheibriados
Dithmenos
Elyvilon
Gozag
Hepliaklqana
Okawaru
Qazlal
Ru
Vehumet
Wu Jian
Xom
Zin

Shops:
D:4 [

Annotations:
D:5 Prince Ribbit


Innate Abilities, Weirdness & Mutations

You do not eat or drink.
Your flesh is vulnerable to fire.
You are immune to poison.
Your flesh is cold resistant. (rC+)
You are immune to negative energy. (rN+++)
You are immune to unholy pain and torment.
You can survive without breathing.


Message History

Aiming: Sandblast (safe; 1% risk of failure)
Press: ? - help, Shift-Dir - straight line, f/p - Prince Ribbit
Aim: Prince Ribbit (moderately wounded, slow)
The blast of sand misses Prince Ribbit.
b - 193 stones Unknown command.
Casting: Sandblast (safe; 1% risk of failure)
Confirm with . or Enter, or press ? or * to list all spells.
Aiming: Sandblast (safe; 1% risk of failure)
Press: ? - help, Shift-Dir - straight line, f/p - Prince Ribbit
Aim: Prince Ribbit (moderately wounded, slow)
The blast of sand hits Prince Ribbit.
Prince Ribbit is heavily wounded.
b - 192 stones Prince Ribbit is no longer moving slowly.
Casting: Sandblast (safe; 1% risk of failure)
Confirm with . or Enter, or press ? or * to list all spells.
Aiming: Sandblast (safe; 1% risk of failure)
Press: ? - help, Shift-Dir - straight line, f/p - Prince Ribbit
Aim: Prince Ribbit (heavily wounded)
The blast of sand misses Prince Ribbit.
b - 191 stones Prince Ribbit closely misses you.
Prince Ribbit hits you.
Casting: Sandblast (safe; 1% risk of failure)
Confirm with . or Enter, or press ? or * to list all spells.
Aiming: Sandblast (safe; 1% risk of failure)
Press: ? - help, Shift-Dir - straight line, f/p - Prince Ribbit
Aim: Prince Ribbit (heavily wounded)
The blast of sand misses Prince Ribbit.
b - 190 stones Prince Ribbit closely misses you.
Firing (i - inventory. (/) - cycle)
g - 30 sling bullets (quivered)
Press: ? - help, Shift-Dir - straight line, f/p - Prince Ribbit
Aim: Prince Ribbit (heavily wounded)
You shoot a sling bullet. The sling bullet misses Prince Ribbit.
Prince Ribbit catches a small bird with his tongue.
Prince Ribbit barely misses you. Prince Ribbit hits you.
Casting: Sandblast (safe; 1% risk of failure)
Confirm with . or Enter, or press ? or * to list all spells.
Aiming: Sandblast (safe; 1% risk of failure)
Press: ? - help, Shift-Dir - straight line, f/p - Prince Ribbit
Aim: Prince Ribbit (heavily wounded)
The blast of sand misses Prince Ribbit.
b - 189 stones Prince Ribbit hits you!
Firing (i - inventory. (/) - cycle)
g - 29 sling bullets (quivered)
Press: ? - help, Shift-Dir - straight line, f/p - Prince Ribbit
Aim: Prince Ribbit (heavily wounded)
You shoot a sling bullet.
The sling bullet closely misses Prince Ribbit.
Prince Ribbit hits you.
* * * LOW HITPOINT WARNING * * *
Prince Ribbit hits you!!
* * * LOW HITPOINT WARNING * * *
Casting: Sandblast (safe; 1% risk of failure)
Confirm with . or Enter, or press ? or * to list all spells.
Aiming: Sandblast (safe; 1% risk of failure)
Press: ? - help, Shift-Dir - straight line, f/p - Prince Ribbit
Aim: Prince Ribbit (heavily wounded)
The blast of sand hits Prince Ribbit.
Prince Ribbit is severely wounded.
b - 188 stones Prince Ribbit hits you!
You die...

#.# #.. #......## #..##
#.. #.......# ##..###..
#.......## .....#..
##........# .......####
#.........#
..........####.........#
............#..........#
.......................#
...<............@F.(..(#
............##.........#
...........###..........
..........## #......####
..........# #......#
.........## ......##
........... .......#
....................


You could see Prince Ribbit.

Vanquished Creatures
  A bullfrog (D:4)
  A howler monkey (D:4)
  A crimson imp (D:3)
  7 adders
  4 gnolls (D:4)
  2 worms
  A dart slug (D:2)
  3 leopard geckos
  4 orcs (D:4)
  A ball python (D:4)
  4 bats
  4 giant cockroaches
  3 goblins
  5 hobgoblins
  5 kobolds
  3 quokkas
  5 frilled lizards
  A leopard gecko skeleton (D:4)
  5 rats
60 creatures vanquished.

Notes
Turn   | Place    | Note
-------+----------+-------------------------------------------
     0 | D:1      | Amnesiac the Mummy Earth Elementalist began the quest for the Orb.
     0 | D:1      | Reached XP level 1. HP: 13/13 MP: 4/4
   128 | D:2      | Reached XP level 2. HP: 19/19 MP: 2/5
   133 | D:2      | Learned a level 2 spell: Passwall
   629 | D:3      | Found a radiant altar of Vehumet.
   681 | D:3      | Noticed a crimson imp
   698 | D:3      | Became a worshipper of Vehumet
   701 | D:3      | Killed a crimson imp
   701 | D:3      | Reached XP level 3. HP: 19/24 MP: 4/8
  1298 | D:2      | Reached XP level 4. HP: 19/30 MP: 4/9
  1311 | D:2      | Learned a level 3 spell: Stone Arrow
  1311 | D:2      | Found an iron altar of Okawaru.
  1322 | D:2      | Learned a level 4 spell: Petrify
  1661 | D:2      | Found a shattered altar of Ashenzari.
  1992 | D:3      | Reached XP level 5. HP: 35/35 MP: 11/11
  2182 | D:3      | Found a glowing silver altar of Zin.
  2183 | D:3      | Found a shadowy altar of Dithmenos.
  2184 | D:3      | Found an ornate altar of the Wu Jian Council.
  2184 | D:3      | Found a shimmering altar of Xom.
  2185 | D:3      | Found a sacrificial altar of Ru.
  2186 | D:3      | Found an opulent altar of Gozag.
  2189 | D:3      | Found a hazy altar of Hepliaklqana.
  2454 | D:4      | Found Yraxkack's Antique Armour Boutique.
  2770 | D:4      | Reached XP level 6. HP: 41/41 MP: 13/13
  2782 | D:4      | Reached * piety under Vehumet
  2782 | D:4      | Offered knowledge of Flame Tongue by Vehumet.
  2796 | D:4      | Reached skill level 5 in Earth Magic
  2960 | D:4      | Reached skill level 5 in Spellcasting
  2983 | D:4      | Found a stormy altar of Qazlal.
  2987 | D:4      | Found a snail-covered altar of Cheibriados.
  2995 | D:4      | Found a white marble altar of Elyvilon.
  3077 | D:5      | Entered Level 5 of the Dungeon
  3092 | D:5      | Noticed Prince Ribbit
  3101 | D:5      | HP: 1/41 [Prince Ribbit (19)]
  3102 | D:5      | Demolished by Prince Ribbit

Vault maps used:
D:1:      dpeg_arrival_lava_altar
D:2:      okawaru_gym_becter, lemuel_doored_altar
D:3:      lemuel_round_altar, minitemple
D:4:      minmay_overflow_temple_star_quad, first_ration, serial_shops, shop
D:5:      kennysheep_mini, enter_ossuary_5, basic_altar, uniq_prince_ribbit1

Skill      XL: |  1  2  3  4  5  6 |
---------------+-------------------+-----
Spellcasting   | 3 4 5 |  5.0
Earth Magic    | 3 4 5 |  5.0
Dodging        | |  1.5
Stealth        | |  1.5
Transmutations | |  0.7

Action                   |  1- 3 |  4- 6 || total
-------------------------+-------+-------++-------
Melee: Unarmed           |     8 |       ||     8
       Short sword       |    52 |    22 ||    74
 Fire: Hunting sling     |       |    68 ||    68
 Cast: Sandblast         |    21 |    25 ||    46
       Passwall          |     1 |       ||     1
  Use: Scroll            |     2 |     7 ||     9
 Stab: Sleeping          |     3 |       ||     3
Armor: Robe              |    16 |     7 ||    23
Dodge: Dodged            |    52 |    26 ||    78

Table legend:
 A = Spawn XP
 B = Non-spawn XP
 C = Spawn XP percentage of total XP
 D = Spawn monster count
 E = Non-spawn monster count
 F = Spawn count percentage of total count
 G = Total turns spent on level
                    A         B        C        D         E        F      G
               +---------+---------+-------+---------+---------+-------+---------
         Total |       0 |     443 |   0.0 |       0 |      60 |   0.0 |  3102
               +---------+---------+-------+---------+---------+-------+---------
           D:1 |       0 |      22 |   0.0 |       0 |      13 |   0.0 |   554
           D:2 |       0 |      91 |   0.0 |       0 |      20 |   0.0 |  1052
           D:3 |       0 |      86 |   0.0 |       0 |      10 |   0.0 |   735
           D:4 |       0 |     244 |   0.0 |       0 |      17 |   0.0 |   736
               +---------+---------+-------+---------+---------+-------+---------
